[Event "Early-Titled-Tuesday-Blitz-January-30-2024"]
[Site "Chess.com"]
[Date "2024.01.30"]
[Round "1"]
[White "picturesquecheck"]
[Black "YairParkhov"]
[Result "0-1"]
[WhiteElo "2361"]
[BlackElo "2682"]
[TimeControl "180+1"]
[EndTime "8:07:52 PST"]
[Termination "YairParkhov won by resignation"]

1. c4 Nf6 2. Nc3 e5 3. g3 Bb4 4.
Bg2 O-O 5. Nf3 Re8 6. O-O e4 7. Nd4 Nc6 8. Nc2 Bxc3 9. dxc3 h6 10. Nd4 Ne5 11. b3 d6 12. Qc2 c5 13. Nb5 a6 14. Na3 Bf5 15. Rd1 Qe7 16. Bf4 g5 17. Bxe5 Qxe5 18. Qd2 Rad8 19. Nc2 Ng4 20. Ne3 Nxe3 21.
Qxe3 Bd7 22. Rd5 Qe6 23. Rad1 Bc6 24. R5d2 Kg7 25. f4 exf3 26. Qxe6 Rxe6 27. Bxf3 Rde8 28.
Bxc6 bxc6 29. Rxd6 Rxe2 30. R1d2 a5 31. Rxe2 Rxe2 32.
Rxc6 Rxa2 33. Rxc5 Kf6 34. b4 a4 35. Ra5 Ke6 36. b5 Kd6 37. b6 Kc6 38. c5 f5 39. Ra7 Kxc5 40. b7 Rb2 41. Rxa4 Rxb7 42. Ra6 Rb1+ 43. Kg2 Rb2+ 44. Kg1 Kd5 45. Rxh6 Ke4 46.
Rf6 f4 47. gxf4 gxf4 48. Rh6 Ke3 49. Re6+ Kf3 50. Re1 Rg2+ 51. Kh1 Rc2 52. Rf1+ Ke3 53.
h4 f3 54. Re1+ Kf2 55. Ra1 Kg3 56. h5 Rh2+ 57. Kg1 f2+ 58. Kf1 Rh1+ 0-1

[Event "Early-Titled-Tuesday-Blitz-January-30-2024"]
[Site "Chess.com"]
[Date "2024.01.30"]
[Round "1"]
[White "ilya2700"]
[Black "CarlosjPineror"]
[Result "0-1"]
[WhiteElo "2335"]
[BlackElo "2658"]
[TimeControl "180+1"]
[EndTime "8:07:52 PST"]
[Termination "CarlosjPineror won by resignation"]

1. e4 c5 2. c4 e6 3. Ne2 a6 4.
d4 cxd4 5. Nxd4 Qc7 6. Nc3 Nf6 7. Be2 b6 8. Be3 Bb7 9. f3 d6 10. O-O Nbd7 11. Qd2 Be7 12. Rad1 Rc8 13. b3 O-O 14. Bd3 b5 15. Rc1 b4 16. Nce2 a5 17. Nb5 Qb8 18.
Bb1 Nc5 19. Qc2 Ba6 20. Nbd4 Rfd8 21. Rcd1 g6 22. f4 Ncxe4 23. Qb2 Bf8 24. Nf3 Bg7 25. Bd4 e5 26. fxe5 dxe5 27. Bxe5 Qb6+ 28. Bd4 Rxd4 29.
Nexd4 Nc3 30. Rde1 Ng4 31. Qd2 Rd8 32. Qg5 Bxd4+ 33.
Nxd4 Qxd4+ 34. Kh1 h6 35. Qh4 g5 36. Qg3 Bc8 37.
h3 Nf6 38. Qf3 Kg7 39. Re7 Be6 40. Rc1 Nxb1 41. Rxb1 Qe4 42. Qf1 Rd2 43. Re1 Qf5 44. Qe2 Rxe2 45. Rxe2 Qf1+ 46. Kh2 Qxe2 0-1

[Event "Early-Titled-Tuesday-Blitz-January-30-2024"]
[Site "Chess.com"]
[Date "2024.01.30"]
[Round "1"]
[White "mertfelin"]
[Black "dennisodessa"]
[Result "0-1"]
[WhiteElo "2258"]
[BlackElo "2609"]
[TimeControl "180+1"]
[EndTime "8:07:52 PST"]
[Termination "dennisodessa won by resignation"]

1. e4 e6 2. d4 d5 3. Nd2 Be7 4. Ngf3 Nf6 5. e5 Nfd7 6. Bd3 c5 7. c3 Nc6 8. O-O cxd4 9. cxd4 f6 10. exf6 Nxf6 11.
Re1 O-O 12. Qe2 Bd6 13. Nf1 Qb6 14. Be3 Bd7 15. h3 Nb4 16. a4 Nxd3 17. Qxd3 Rac8 18. Ne5 Be8 19. Nd2 Qb4 20. Ndf3 Bxa4 21. Bd2 Qb5 22. Qxb5 Bxb5 23. Rxa7 Ba6 24. Ra1 Ne4 25. Ba5 Rc2 26. b4 Bb8 27. Ra8 Bxe5 28. Rxf8+ Kxf8 29. Nxe5 Rxf2 30. Rc1 g6 31. Rc7 Kg8 32. Re7 h5 33. Rxe6 g5 34. Bd8 h4 35. Bxg5 Rf1+ 36. Kh2 Kh7 37. Bxh4 Rd1 38.
Nf3 Nd2 39. Ng5+ Kg8 40. Bg3 Nf1+ 41. Kg1 Nxg3+ 42. Kf2 Nf5 43. Rg6+ Kh8 44. Rf6 Nxd4 45. h4 Kg7 46. Kg3 Kxf6 0-1

[Event "Early-Titled-Tuesday-Blitz-January-30-2024"]
[Site "Chess.com"]
[Date "2024.01.30"]
[Round "1"]
[White "JuniorJumper"]
[Black "Sebastian"]
[Result "0-1"]
[WhiteElo "2516"]
[BlackElo "2957"]
[TimeControl "180+1"]
[EndTime "8:07:53 PST"]
[Termination "Sebastian won by resignation"]

1. b3 b6 2. Bb2 Bb7 3. Nf3 Nf6 4.
e3 e6 5. c4 c5 6. Nc3 Nc6 7. Be2 Be7 8. O-O O-O 9. Rc1 Rc8 10.
d4 cxd4 11. Nxd4 d6 12. Nxc6 Bxc6 13. Bf3 Qd7 14. Qe2 Rfd8 15. Rfd1 a6 16. h3 Qb7 17. Bxc6 Rxc6 18. Qf3 Rdc8 19. Ne4 Nxe4 20. Qxe4 b5 21. cxb5 axb5 22. Rxc6 Rxc6 23. Qg4 Bf8 24. Rc1 Rxc1+ 25.
Bxc1 b4 26. Qd4 d5 27. Bd2 Qb5 28. g3 h5 29. h4 f6 30. e4 Bc5 31. Qa1 Qe2 32.
Be1 Qxe4 33. Qc1 Qd4 34. Qc2 Kf7 35. Kf1 f5 36. Qe2 g6 37. Bd2 Qa1+ 38. Kg2 Qxa2 39. Qb5 Be7 40. Bg5 Qa7 41. Bxe7 Qxe7 42. Qc6 d4 43. Qc4 Qd6 44. Qd3 Qd5+ 45. f3 Ke7 46. Kf2 Qc5 47. g4 Kd7 48. gxh5 gxh5 49. Qa6 d3+ 50.
Kg3 Qd6+ 51. Qxd6+ Kxd6 52. Kf4 e5+ 53. Kg5 d2 54. Kxh5 d1=Q 55. Kg6 Qxf3 56. h5 e4 57. h6 Qg4+ 58. Kf7 Qh5+ 59. Kg7 Qg5+ 60. Kf7 Qxh6 61. Kg8 Qf6 62. Kh7 Qg5 63. Kh8 e3 0-1

[Event "Early-Titled-Tuesday-Blitz-January-30-2024"]
[Site "Chess.com"]
[Date "2024.01.30"]
[Round "1"]
[White "vlad10898"]
[Black "m_ezat"]
[Result "0-1"]
[WhiteElo "2819"]
[BlackElo "2481"]
[TimeControl "180+1"]
[EndTime "8:07:53 PST"]
[Termination "m_ezat won by checkmate"]

1. d4 Nf6 2. Nf3 g6 3. g3 Bg7 4. Bg2 O-O 5. O-O d6 6. b3 e5 7. dxe5 Nfd7 8. Bb2 Nc6 9. c4 a5 10. Nc3 Ndxe5 11. Qd2 Re8 12. Rad1 Bg4 13. h3 Bxf3 14. exf3 a4 15. f4 a3 16. Ba1 Nd7 17. Nd5 Nf6 18. Ne3 Qe7 19. Rfe1 Qd7 20. g4 Ne4 21. Qc1 Bxa1 22. Qxa1 Nb4 23. g5 h5 24. gxh6 f5 25. Bxe4 Rxe4 26. Nd5 Nxd5 27. Rxe4 fxe4 28. Rxd5 Kh7 29.
Rg5 Rg8 30. Qc3 Qe6 31. Qg3 Qf6 32. f5 Kxh6 33. Rxg6+ Rxg6 34. Qxg6+ Qxg6+ 35. fxg6 c6 36. f3 e3 37. Kf1 d5 38. cxd5 cxd5 39. Ke2 d4 40.
Kd3 Kxg6 41. Ke2 Kf5 42. Kd3 Kf4 43. h4 Kxf3 44. h5 e2 45. h6 e1=Q 46. h7 Qc3# 0-1

[Event "Early-Titled-Tuesday-Blitz-January-30-2024"]
[Site "Chess.com"]
[Date "2024.01.30"]
[Round "1"]
[White "Kotofeyca"]
[Black "NikitaShnadrygin"]
[Result "1-0"]
[WhiteElo "2390"]
[BlackElo "2676"]
[TimeControl "180+1"]
[EndTime "8:07:53 PST"]
[Termination "Kotofeyca won by resignation"]

1. d4 d5 2. c4 Nc6 3. cxd5 Qxd5 4. Nf3 e5 5. Nc3 Bb4 6. Bd2 Bxc3 7. Bxc3 e4 8. Nd2 e3 9. fxe3 Nf6 10. Qb3 Be6 11. Qxb7 O-O 12. Qxc7 Rfe8 13. Rg1 Bf5 14. Qf4 Qd7 15.
g4 Bg6 16. Bg2 Nd5 17. Bxd5 Qxd5 18. Qf3 Qb5 19. Kf2 Nb4 20. Bxb4 Qxb4 21. Nb3 a5 22. Rgc1 a4 23. Nc5 Qxb2 24. Kg1 Rad8 25. Nd3 Bxd3 26. exd3 Qd2 27. Re1 Qxd3 28. Rad1 Qc2 29. Qf2 Qc4 30. e4 a3 31. h3 Rb8 32. Rd2 Rb4 33. e5 Reb8 34. d5 Rb2 35. Ree2 Qc1+ 36. Kg2 Rb1 37. d6 Qh1+ 38. Kg3 Rg1+ 39. Kh4 h6 40. Re3 Rb5 41. d7 Rf1 42. d8=Q+ Kh7 43. Qxf1 Qxf1 44. Qd3+ g6 45.
Qxf1 1-0

[Event "Early-Titled-Tuesday-Blitz-January-30-2024"]
[Site "Chess.com"]
[Date "2024.01.30"]
[Round "1"]
[White "bitter-cikolata"]
[Black "shirovin"]
[Result "0-1"]
[WhiteElo "2547"]
[BlackElo "2038"]
[TimeControl "180+1"]
[EndTime "8:07:53 PST"]
[Termination "shirovin won on time"]

1. e4 c5 2. Nf3 d6 3. d4 cxd4 4. Nxd4 Nf6 5. Nc3 a6 6. Bg5 e6 7.
f4 Be7 8. Qf3 h6 9. Bh4 Nbd7 10.
O-O-O g5 11. fxg5 Ne5 12. Qe2 Nfg4 13. h3 hxg5 14. Bg3 Bd7 15. Rg1 Nf6 16. Nf3 Nxf3 17.
gxf3 Qc7 18. e5 dxe5 19. Bxe5 Qa5 20. Rxg5 Nd5 21. Nxd5 Bxg5+ 22. f4 exd5 23. Bxh8+ Be7 24. Bf6 O-O-O 25. Bxe7 Re8 26. Kb1 Bc6 27. h4 Qc7 28. Bh3+ Kb8 29. Re1 d4 30. Qe5 Qxe5 31. Rxe5 Kc7 32.
Bc5 Rg8 33. Re7+ Kb8 34. b3 Rg1+ 35. Kb2 Rh1 36. Bd7 Bf3 37. Bxd4 Rh2 38. f5 Kc7 39.
Be5+ Kd8 40. Bxh2 Kxe7 41. Ba4 b5 42. Bxb5 axb5 43. Be5 Be4 0-1

[Event "Early-Titled-Tuesday-Blitz-January-30-2024"]
[Site "Chess.com"]
[Date "2024.01.30"]
[Round "1"]
[White "HajiyevKanan"]
[Black "hmatyi07"]
[Result "1-0"]
[WhiteElo "2584"]
[BlackElo "2203"]
[TimeControl "180+1"]
[EndTime "8:07:54 PST"]
[Termination "HajiyevKanan won by checkmate"]

1. d4 Nf6 2. Nf3 e6 3. c4 d5 4.
cxd5 exd5 5. Nc3 c6 6. Qc2 Be7 7. Bf4 O-O 8. e3 Re8 9. Bd3 Nbd7 10. O-O h6 11. Rab1 a5 12. a3 Bf8 13. h3 Kh8 14. Rfe1 Nh5 15. Bh2 g5 16. Ne5 Nxe5 17. Bxe5+ Bg7 18.
Bh2 g4 19. Qd1 Qg5 20. hxg4 Bxg4 21. Be2 Bxe2 22. Qxe2 Bxd4 23. Qf3 Bg7 24. Qxf7 Rf8 25. Qxb7 Qf6 26. f4 Rfb8 27. Qc7 Rc8 28. Qd7 Rd8 29. Qg4 Qf7 30. Rbc1 Nf6 31. Qe2 Rab8 32. Na4 Ne4 33. Rc2 h5 34. Rec1 h4 35. Nc5 h3 36.
Nxe4 dxe4 37. gxh3 Rg8 38. Kh1 c5 39. Rxc5 Rxb2 40.
Rh5+ Bh6 41. Qxb2+ Kh7 42. Qe2 Qg6 43. Rg1 Qf7 44. Rxg8 Qxg8 45. Qg4 Qe6 46. Qxe6 Kg7 47. Qxh6+ Kg8 48. Rg5+ Kf7 49. Rg7+ Kf8 50. Qh8# 1-0

[Event "Early-Titled-Tuesday-Blitz-January-30-2024"]
[Site "Chess.com"]
[Date "2024.01.30"]
[Round "1"]
[White "Njal28"]
[Black "Baronessa08"]
[Result "1-0"]
[WhiteElo "3042"]
[BlackElo "2534"]
[TimeControl "180+1"]
[EndTime "8:07:57 PST"]
[Termination "Njal28 won on time"]

1. d4 d5 2. c4 dxc4 3. Nf3 Nf6 4. e3 e6 5. Bxc4 c5 6. O-O Nc6 7. Re1 Be7 8. Bd3 b6 9. dxc5 Bxc5 10. a3 Bb7 11. b4 Bd6 12. Bb2 Qe7 13. Nbd2 Rd8 14. Qb3 O-O 15. Rac1 h6 16. Ne4 Nxe4 17. Bxe4 Rc8 18.
Bb1 Nb8 19. Qd3 f5 20. Ba2 Bxf3 21. gxf3 Kh7 22. f4 Rcd8 23. Qc4 e5 24. h3 exf4 25. exf4 Qh4 26. Kg2 Bxf4 27. Rcd1 Qg5+ 28. Kf1 Rxd1 29. Rxd1 Bh2 30. Qc3 Qg1+ 31. Ke2 Re8+ 32. Kd2 Bf4+ 33.
Kc2 Qg6 34. Kb1 Be5 35. Qc2 Bxb2 36. Qxb2 Nc6 37. Ka1 Ne5 38. Bb1 Nf3 39. Qb3 Qf6+ 40. Qb2 Ne5 41. f4 Nc4 42. Qxf6 gxf6 43. Bxf5+ Kg7 44.
Rd7+ Kf8 45. Rxa7 1-0

[Event "Early-Titled-Tuesday-Blitz-January-30-2024"]
[Site "Chess.com"]
[Date "2024.01.30"]
[Round "1"]
[White "inneremptiness"]
[Black "Shuvalov"]
[Result "1-0"]
[WhiteElo "2852"]
[BlackElo "2472"]
[TimeControl "180+1"]
[EndTime "8:07:58 PST"]
[Termination "inneremptiness won on time"]

1. e4 e6 2. d4 d5 3. Bd3 c5 4.
exd5 exd5 5. Nf3 c4 6. Be2 Nf6 7. O-O Be7 8. b3 cxb3 9. axb3 O-O 10. c4 Nc6 11. Nc3 Bf5 12. Bg5 Nb4 13. Nh4 Bc2 14. Qd2 h6 15. Be3 Bxb3 16. c5 Bc4 17. Rfb1 a5 18.
Nf5 Re8 19. Na4 Ne4 20. Qd1 Bf8 21. Rc1 Bxe2 22. Qxe2 Qf6 23. Qg4 Kh7 24. Nb6 Ra6 25. Nd7 Qg6 26. Qf3 f6 27. h4 h5 28. Nb6 Qg4 29.
Qxg4 hxg4 30. g3 g6 31. Nd6 Bxd6 32. cxd6 Rxb6 33. Rc7+ Kg8 34. d7 Rd8 35. Rc8 Kf7 36. Rxd8 Rd6 37. Bf4 Nc6 38. Bxd6 Nxd8 39. Bc7 Ke7 40.
Bxd8+ Kxd8 41. Rxa5 Kxd7 42. Rxd5+ Nd6 43. h5 Ke6 44.
hxg6 f5 45. Rxd6+ Kxd6 46. g7 1-0

[Event "Early-Titled-Tuesday-Blitz-January-30-2024"]
[Site "Chess.com"]
[Date "2024.01.30"]
[Round "1"]
[White "tacticthunder"]
[Black "LornerAcosta"]
[Result "1-0"]
[WhiteElo "2794"]
[BlackElo "2434"]
[TimeControl "180+1"]
[EndTime "8:07:58 PST"]
[Termination "tacticthunder won on time"]

1. c4 Nf6 2. Nc3 e6 3. e4 d5 4. e5 d4 5. exf6 dxc3 6. bxc3 Qxf6 7. d4 e5 8. Nf3 Nc6 9. Be2 exd4 10. cxd4 Bb4+ 11.
Bd2 Bxd2+ 12. Qxd2 O-O 13. O-O Bg4 14. d5 Bxf3 15. Bxf3 Ne5 16. Be2 b6 17. f4 Nd7 18.
Rae1 Nc5 19. Bf3 Rae8 20. g3 g6 21. Kg2 a5 22. Re2 Rxe2+ 23. Qxe2 Rd8 24. Qe3 Rd7 25. Re1 h5 26. Qe8+ Kg7 27. Qe5 Rd6 28. Re3 Nd7 29. Qxf6+ Nxf6 30. Kf2 Kf8 31. Ke2 Nd7 32. Kd3 Nc5+ 33.
Kd4 Rd7 34. Re5 Re7 35. g4 hxg4 36. Bxg4 f6 37. Rxe7 Kxe7 38. h4 f5 39. Bf3 Nb7 40. h5 gxh5 41. Bxh5 Kf6 42. Bd1 Nc5 43. Bf3 Nd7 44.
Be2 Nf8 45. Bd1 Ng6 46. Ke3 Nf8 47. Bc2 Nd7 48. Kd4 Nf8 49. d6 Ne6+ 50. Kd5 cxd6 51. Kxd6 Nxf4 52. Kc6 Ke5 53. Kxb6 Ne2 54. c5 Nd4 55. Bd3 Kd5 56. a4 f4 57. Ba6 f3 58.
Bb7+ Ke5 59. Bxf3 Nxf3 60. c6 1-0

[Event "Early-Titled-Tuesday-Blitz-January-30-2024"]
[Site "Chess.com"]
[Date "2024.01.30"]
[Round "1"]
[White "LileKoridze"]
[Black "Baby_Legs"]
[Result "1-0"]
[WhiteElo "2355"]
[BlackElo "2649"]
[TimeControl "180+1"]
[EndTime "8:07:58 PST"]
[Termination "LileKoridze won by resignation"]

1. d4 Nf6 2. c4 e6 3. Nf3 c5 4. d5 exd5 5. cxd5 d6 6. Nc3 g6 7.
Nd2 Bg7 8. Nc4 O-O 9. Bg5 Re8 10. e3 a6 11. a4 Qc7 12. Be2 Nbd7 13. O-O b6 14. Bf4 Bf8 15. Bf3 Rb8 16. e4 Bb7 17. Re1 Ba8 18. e5 dxe5 19. d6 Qc8 20. Bxe5 Bxf3 21.
Qxf3 Bg7 22. Bxf6 Nxf6 23. Nd5 Rxe1+ 24. Rxe1 Nxd5 25. Qxd5 Qd7 26. Re7 Qf5 27. Qxf5 gxf5 28. Nxb6 Bf6 29. Nd7 Rxb2 30. Nxf6+ Kg7 31. Ne8+ Kg6 32.
h3 Rd2 33. d7 c4 34. Re3 Rxd7 35. Rc3 Rd1+ 36. Kh2 Rd4 37. Nc7 a5 38. Nb5 Re4 39.
Nd6 Re2 40. f3 Ra2 41. Rxc4 f6 42. Nb7 h5 43. Nxa5 Kg5 44. Nc6 h4 45. Ne7 f4 46. Rc5+ f5 47. Rxf5+ Kh6 48. Rxf4 Kh5 49. Rg4 Ra1 50. f4 Ra2 51. f5 Ra1 52. f6 Ra2 53. f7 Ra1 54. Rg5+ Kxg5 55. f8=Q 1-0

[Event "Early-Titled-Tuesday-Blitz-January-30-2024"]
[Site "Chess.com"]
[Date "2024.01.30"]
[Round "1"]
[White "Preobrazhenska_D2011"]
[Black "Trojan-Knight"]
[Result "0-1"]
[WhiteElo "2364"]
[BlackElo "2683"]
[TimeControl "180+1"]
[EndTime "8:08:02 PST"]
[Termination "Trojan-Knight won on time"]

1. e4 c5 2. Nf3 d6 3. d4 cxd4 4. Nxd4 Nf6 5. Nc3 a6 6. Bg5 Nbd7 7. f4 Qa5 8. Qd2 e6 9. O-O-O b5 10. Nb3 Qc7 11. Bd3 Bb7 12. Rhe1 b4 13. Nb1 Be7 14. g4 h6 15. Bh4 g5 16. fxg5 Nxg4 17. Rf1 Nge5 18. Qg2 Rc8 19. Nd4 hxg5 20. Bxg5 Bxg5+ 21. Qxg5 Nxd3+ 22. Rxd3 Ne5 23. Rd2 Qe7 24. Qxe7+ Kxe7 25. Rdf2 Bxe4 26. Nd2 Bg6 27. N2f3 Nd3+ 28. Kd2 Nxf2 29. Rxf2 e5 30. Nb3 Rxc2+ 31. Ke1 Rxf2 32. Kxf2 e4 33. Nfd4 Rxh2+ 34. Ke3 Rxb2 35. Nc6+ Kf6 36. Nxb4 a5 37. Nd5+ Ke5 38. Ne7 Rxa2 39. Nc1 Ra3+ 40. Kd2 e3+ 41.
Ke2 Bh5+ 42. Ke1 Ra1 43. Nc6+ Ke4 44. Kf1 Rxc1+ 45. Kg2 Rxc6 46. Kg3 e2 0-1

[Event "Early-Titled-Tuesday-Blitz-January-30-2024"]
[Site "Chess.com"]
[Date "2024.01.30"]
[Round "1"]
[White "NovozhilovSemen"]
[Black "TreinadorBR"]
[Result "1-0"]
[WhiteElo "2647"]
[BlackElo "2325"]
[TimeControl "180+1"]
[EndTime "8:08:03 PST"]
[Termination "NovozhilovSemen won by resignation"]

1. d4 d5 2. c4 c6 3. cxd5 cxd5 4. Bg5 Nc6 5. Nc3 Nf6 6. Bxf6 gxf6 7. e3 Bg7 8. Bd3 f5 9. f4 e6 10. Nf3 Qb6 11. Qd2 Bd7 12. O-O Nb4 13. Be2 Rc8 14. a3 Nc6 15. b4 O-O 16. Rac1 Qd8 17. Kh1 a6 18. Rg1 Kh8 19. g4 fxg4 20. Rxg4 f5 21.
Rg3 Qe7 22. Rcg1 Rg8 23. Ng5 Bf6 24. Na4 Nxd4 25. Nb6 Nxe2 26. Qxe2 Rc7 27. Nf7+ Qxf7 28. Rxg8+ Qxg8 29. Rxg8+ Kxg8 30. Nxd7 Rxd7 31. Qc2 Kf7 32. Qc8 Ke7 33. a4 d4 34. exd4 Bxd4 35. b5 axb5 36.
axb5 b6 37. Kg2 Bc5 38. Qh8 Kd6 39. Qe5+ Ke7 40. Qh8 Kd6 41. Qf8+ Kd5 42. Qa8+ Kc4 43. Qa4+ Kc3 44. Qa1+ Kb4 45. Qb2+ Kc4 46. Qa2+ Kxb5 47. Qb3+ Kc6 48. Qxe6+ Rd6 49. Qxf5 Rg6+ 50. Kf3 Bd6 51.
Qc8+ Kb5 52. f5 Rf6 53. Ke4 Bc5 54. Ke5 Rh6 55. f6 Rh5+ 56. Ke6 Rxh2 57. Qd7+ Kb4 58.
f7 Rf2 59. Qd5 h5 60. Qxh5 Ka5 61. Qd1 Kb4 62. Qe1+ Kb5 63. Qxf2 Bxf2 64. f8=Q Bc5 65. Qf1+ Kb4 66. Kd5 Ka5 67. Kc6 Kb4 68. Qd3 Bg1 69. Qb1+ Kc4 70. Qxg1 1-0

[Event "Early-Titled-Tuesday-Blitz-January-30-2024"]
[Site "Chess.com"]
[Date "2024.01.30"]
[Round "1"]
[White "PepeCuenca"]
[Black "simonachess"]
[Result "1-0"]
[WhiteElo "2683"]
[BlackElo "2365"]
[TimeControl "180+1"]
[EndTime "8:08:04 PST"]
[Termination "PepeCuenca won on time"]

1. d4 Nf6 2. Bf4 g6 3. Nc3 Bg7 4. e4 d6 5. Qd2 h6 6. f3 Nbd7 7.
Be3 c5 8. O-O-O cxd4 9. Bxd4 O-O 10. Kb1 a6 11. h4 b5 12. g4 Ne8 13. Bxg7 Kxg7 14. h5 g5 15. Nge2 e5 16. Ng3 Nb6 17.
Nf5+ Bxf5 18. exf5 Ra7 19. Ne4 d5 20. f6+ Nxf6 21.
Ng3 Ng8 22. Nf5+ Kh8 23. Bd3 Qf6 24. Qe3 Ne7 25. Nxe7 Rxe7 26. Rhe1 Rfe8 27. Bf5 Qc6 28. Qd3 a5 29. Re2 a4 30. a3 Rd8 31. Rde1 f6 32. Rd1 Nc4 33. Qc3 Rc7 34. Qb4 Nd6 35. Bg6 Qc5 36.
Qxc5 Rxc5 37. Red2 d4 38. c3 Rd5 39. cxd4 Nc4 40. Rd3 Rxd4 41. Rxd4 exd4 42. Bd3 Kg7 43. Rc1 Rc8 44. Re1 Kf7 45. Bg6+ Kf8 46. Re6 Nd2+ 47. Ka2 Nb3 48. Re1 1-0

[Event "Early-Titled-Tuesday-Blitz-January-30-2024"]
[Site "Chess.com"]
[Date "2024.01.30"]
[Round "1"]
[White "viktorskliarov"]
[Black "alekroth65"]
[Result "1-0"]
[WhiteElo "2677"]
[BlackElo "2353"]
[TimeControl "180+1"]
[EndTime "8:08:05 PST"]
[Termination "viktorskliarov won on time"]

1. e4 e5 2. Nc3 Nf6 3. Bc4 Nc6 4. d3 Bb4 5. Bd2 Bxc3 6. Bxc3 d5 7. exd5 Nxd5 8. Qf3 Be6 9. Ne2 O-O 10. Bxd5 Bxd5 11. Qg3 Re8 12. O-O-O Qf6 13. a3 Nd4 14. Bxd4 exd4 15.
Nf4 Bc6 16. Rhe1 h6 17. h4 Qf5 18. Kb1 a5 19. Ne2 Qd7 20. Qf4 Rad8 21. Ng3 b5 22.
Nf5 Rxe1 23. Rxe1 Re8 24. Rxe8+ Qxe8 25. Qxd4 Qe1+ 26. Ka2 Qe6+ 27. c4 Qxf5 28. Qd8+ Kh7 29. Qxc7 Bxg2 30. Qxa5 Qxd3 31. Qxb5 Be4 32. a4 Qd1 33. Ka3 Qa1+ 34. Kb3 Bb1 35. a5 Qa2+ 36.
Kc3 Be4 37. a6 f5 38. h5 Qa1 39. Kd4 Qd1+ 40. Kc5 Qd8 41. Qb6 Qe7+ 42. Kb5 Qd7+ 43.
Ka5 Bc2 44. Qb5 Qc7+ 45. Kb4 Qd6+ 46. c5 Qd2+ 47. Ka3 Be4 48. a7 1-0

[Event "Early-Titled-Tuesday-Blitz-January-30-2024"]
[Site "Chess.com"]
[Date "2024.01.30"]
[Round "1"]
[White "VitaliyChayka"]
[Black "GianmarcoVaR"]
[Result "0-1"]
[WhiteElo "2392"]
[BlackElo "2713"]
[TimeControl "180+1"]
[EndTime "8:08:06 PST"]
[Termination "GianmarcoVaR won on time"]

1. d4 Nf6 2. Bf4 d6 3. e3 g6 4. Nf3 Bg7 5. h3 O-O 6. Be2 Nc6 7. O-O Nd7 8. Bh2 e5 9. c4 f5 10. Nc3 g5 11. dxe5 dxe5 12. Qd5+ Kh8 13. Rfd1 Qe8 14. Nb5 Qd8 15. c5 a6 16. Nc3 Qe7 17. Nd2 Nxc5 18. Nc4 Be6 19. Qd2 Qf7 20. b3 b5 21. Nb2 f4 22. Bf3 Rad8 23. Qe2 Ne7 24. Rxd8 Rxd8 25. Rc1 Nd7 26. Ne4 Nd5 27. Nxg5 Qg6 28. Nxe6 Qxe6 29. exf4 e4 30. Bxe4 N7f6 31. f3 Nxe4 32. fxe4 Nc3 33. Qf3 Qxe4 34. Qxe4 Nxe4 35.
Nd1 Rd2 36. Kh1 Rxd1+ 37. Rxd1 Nf2+ 38. Kg1 Nxd1 39. Kf1 Ne3+ 40. Kf2 Bd4 41. Kf3 c5 42. f5 Nxf5 43. g4 Ne7 44. Ke4 Kg7 45. Bd6 Kf7 46. b4 Ke6 47. bxc5 Nc6 48. Bf8 Bf2 49. Kd3 Kd5 50. Bd6 Bxc5 51. Bc7 Be7 52. Ke3 a5 0-1

[Event "Early-Titled-Tuesday-Blitz-January-30-2024"]
[Site "Chess.com"]
[Date "2024.01.30"]
[Round "1"]
[White "tarno17"]
[Black "tetrix83"]
[Result "0-1"]
[WhiteElo "2059"]
[BlackElo "2566"]
[TimeControl "180+1"]
[EndTime "8:08:06 PST"]
[Termination "tetrix83 won by checkmate"]

1. e4 c5 2. Nc3 Nc6 3. Nf3 e6 4. g3 a6 5. a4 Nf6 6. Bg2 d5 7.
exd5 exd5 8. d4 cxd4 9. Nxd4 Bb4 10. O-O O-O 11. Nce2 h6 12. c3 Be7 13. h3 Re8 14.
Be3 Ne5 15. Nf4 Nc4 16. Bc1 Bc5 17. b3 Ne5 18. b4 Ba7 19. b5 axb5 20. axb5 Nc4 21.
Bd2 Qd6 22. Re1 Rxe1+ 23. Qxe1 Bd7 24. Nd3 Re8 25. Qd1 Bxd4 26. cxd4 Bxb5 27. Bf4 Qb6 28. Nc5 Ne4 29. Rb1 Nc3 30. Qb3 Nxb1 31. Qxb1 Bc6 32. Qf5 Qd8 33. Kh2 Qf6 34. Qg4 Qxd4 35. Nb3 Qf6 36.
Nc5 b6 37. Nb3 Qg6 38. Qf3 Ne5 39. Bxe5 Rxe5 40. Nd4 Bd7 41. Qc3 Re8 42. Qc7 Be6 43. Qxb6 Qf6 44. Qc5 Rc8 45. Qb4 Qxf2 46. Nxe6 fxe6 47.
Qg4 Rc6 48. Qg6 Qf7 49. Qd3 Qf6 50. h4 Qe5 51. Qg6 Rc3 52. Qe8+ Kh7 53. h5 Qxg3+ 54.
Kg1 Rc1# 0-1

[Event "Early-Titled-Tuesday-Blitz-January-30-2024"]
[Site "Chess.com"]
[Date "2024.01.30"]
[Round "1"]
[White "patzersame"]
[Black "IlanSchnaider"]
[Result "1-0"]
[WhiteElo "2377"]
[BlackElo "2665"]
[TimeControl "180+1"]
[EndTime "8:08:07 PST"]
[Termination "patzersame won by checkmate"]

1. e4 c5 2. b4 cxb4 3. a3 bxa3 4.
Bxa3 d5 5. exd5 Qxd5 6. Nf3 Bg4 7. Nc3 Qe6+ 8. Be2 Bxf3 9. gxf3 Nc6 10. O-O Nf6 11. d4 O-O-O 12. Bc5 b6 13. Qb1 Nd7 14. d5 Qg6+ 15. Kh1 Nxc5 16. dxc6 Qxc6 17. Rxa7 Rd2 18. Qa2 Rxe2 19. Nxe2 Qxf3+ 20. Kg1 Qxe2 21. Ra8+ Kc7 22. Qa7+ Kc6 23. Rc8+ Kd5 24. Rd8+ Kc6 25. Qa8+ Nb7 26. Rc8+ Kd6 27. Qxb7 Qg4+ 28. Kh1 Ke6 29. Re1+ Kf6 30. Qxb6+ e6 31. Qd8+ Kg6 32. Rg1 Qxg1+ 33. Kxg1 h5 34. Qd3+ f5 35. c4 Kf7 36. Qd7+ Kf6 37. c5 Bxc5 38. Rxh8 Be7 39. Rxh5 g6 40. Rh7 Bc5 41.
Rf7+ Ke5 42. Qc7+ Bd6 43. Qc3+ Kd5 44. Rf6 Be5 45. Qb3+ Ke4 46. Qxe6 Kf4 47. Rxg6 Bd4 48. Qd6+ Be5 49. Qd2+ Ke4 50. Re6 Kf3 51. Rxe5 Kg4 52. Qe2+ Kf4 53. Qe3+ Kg4 54. Qg3+ Kh5 55. Rxf5+ Kh6 56.
Qg5+ Kh7 57. Rf7+ Kh8 58. Qg7# 1-0

[Event "Early-Titled-Tuesday-Blitz-January-30-2024"]
[Site "Chess.com"]
[Date "2024.01.30"]
[Round "1"]
[White "Juicy_Fork"]
[Black "vasblesk"]
[Result "0-1"]
[WhiteElo "2433"]
[BlackElo "2782"]
[TimeControl "180+1"]
[EndTime "8:08:08 PST"]
[Termination "vasblesk won by resignation"]

1. e4 c5 2. Nf3 g6 3. d4 cxd4 4. Nxd4 Bg7 5. Nc3 Nc6 6. Be3 Nf6 7. Bc4 Qa5 8. O-O O-O 9. Re1 d6 10. h3 Bd7 11. Bb3 Rac8 12. Qe2 Qh5 13. Nd5 Qxe2 14. Rxe2 Nxd5 15. Nxc6 bxc6 16. exd5 Bxb2 17. Rb1 Bf6 18. dxc6 Bxc6 19. Bxa7 Ra8 20. Be3 Rfc8 21. c4 h5 22. Rc1 Kg7 23. Rd2 Rd8 24. c5 d5 25. Bd4 e5 26. Bb2 d4 27. f4 e4 28. Rcd1 e3 29.
Rc2 d3 30. Bxf6+ Kxf6 31. Rc3 e2 32. Re1 d2 33. Rxe2 d1=Q+ 34. Bxd1 Rxd1+ 35. Kf2 Rd4 36. Rb3 Rxf4+ 37. Kg3 Rc4 38. Rf2+ Kg7 39. a3 Rxc5 40. Kh2 Bd5 41. Rd3 Be6 42. Re3 Rca5 43. Rff3 Ra4 44. Rc3 Rb8 45. Rfe3 Rb2 46. Rc7 Bd5 47. Rg3 h4 48. Rg5 Be6 49. Rc3 Ra2 50. Re5 R2xa3 51. Rc7 Kf6 52. Re4 Rxe4 0-1

[Event "Early-Titled-Tuesday-Blitz-January-30-2024"]
[Site "Chess.com"]
[Date "2024.01.30"]
[Round "1"]
[White "lelajavakhishvili"]
[Black "VladimirKramnik"]
[Result "0-1"]
[WhiteElo "2508"]
[BlackElo "2929"]
[TimeControl "180+1"]
[EndTime "8:08:09 PST"]
[Termination "VladimirKramnik won by resignation"]

1. d4 d5 2. Nf3 Nf6 3. g3 c6 4. Bg2 Bg4 5. O-O Nbd7 6. c4 e6 7. Qb3 Qb6 8. c5 Qxb3 9. axb3 Be7 10. b4 O-O 11. Bf4 Ne4 12. h3 Bh5 13. g4 Bg6 14. Nc3 f6 15. Rfe1 Rfe8 16. Nh4 Bf7 17. Nf3 g5 18.
Bh2 Bg6 19. b5 Nxc3 20. bxc6 bxc6 21. bxc3 a5 22. Ra2 e5 23. Rea1 Bd8 24. h4 h6 25.
hxg5 hxg5 26. Bf1 Bc7 27. Nd2 Reb8 28. e4 Bf7 29. exd5 Bxd5 30. Bc4 Bxc4 31. Nxc4 Rb7 32.
dxe5 Nxe5 33. Nxe5 fxe5 34. Re2 a4 35. Bxe5 Re8 36.
Rae1 Bxe5 37. Rxe5 Rxe5 38. Rxe5 Ra7 39. Rxg5+ Kf7 40.
Re5 a3 41. Re1 a2 42. Ra1 Ke6 43. f4 Kd5 44. Kf2 Kc4 45. f5 Kxc3 46. g5 Kb2 47. Rxa2+ Kxa2 48. f6 Rf7 49. Kf3 Kb3 50. Ke4 Kc4 51.
Ke5 Kxc5 52. Ke6 Rf8 53. g6 Re8+ 54. Kd7 Ra8 55. f7 Kd5 56. g7 Ra7+ 57. Ke8 Ke6 58. Kd8 Kxf7 59. Kc8 Kxg7 60. Kb8 Rf7 61. Kc8 c5 0-1